 Dungeon Crawl Stone Soup version 0.23-a0-644-gb60d84b635 (webtiles) character file.

366 HereIgoKillingAgain the Covert (level 6, 0/30 HPs)
             Began as a Spriggan Assassin on Jan 1, 2019.
             Slain by a jackal (1 damage)
             ... on level 5 of the Dungeon.
             The game lasted 00:04:33 (4899 turns).

HereIgoKillingAgain the Covert (Spriggan Assassin)  Turns: 4899, Time: 00:04:33

Health: 0/30       AC:  4    Str:  7    XL:     6   Next: 40%
Magic:  7/7        EV: 17    Int: 12    God:
Gold:   328        SH:  0    Dex: 20    Spells: 5/5 levels left

rFire    . . .     SeeInvis +   a - +2 dagger
rCold    . . .     Gourm    .   (shield restricted)
rNeg     . . .     Faith    .   c - +0 robe
rPois    .         Spirit   .   (helmet restricted)
rElec    .         Reflect  .   d - +1 cloak
rCorr    .         Harm     .   (gloves unavailable)
MR       +....                  (boots unavailable)
Stlth    +++++.....             (no amulet)
HPRegen  0.10/turn              l - ring of wizardry
MPRegen  0.10/turn              (no ring)

@: very quick
A: very small, unfitting armour, see invisible, herbivore, speed 3, slow
metabolism 2
a: no special abilities


You were on level 5 of the Dungeon.
You were very hungry.

You visited 2 branches of the dungeon, and saw 6 of its levels.

You collected 328 gold pieces.

Inventory:

Hand Weapons
 a - a +2 dagger (weapon)
 b - a +0 blowgun
Missiles
 e - 29 poisoned needles
Armour
 c - a +0 robe (worn)
 d - a +1 cloak (worn)
Jewellery
 l - a ring of wizardry (left hand)
Scrolls
 i - 4 scrolls of teleportation
 k - 4 scrolls of remove curse
Potions
 m - a potion of ambrosia
 q - a potion of might
Comestibles
 g - 9 rations


   Skills:
 - Level 1.5 Fighting
 - Level 2.1 Short Blades
 * Level 3.0 Throwing
 + Level 1.7 Dodging
 + Level 11.1 Stealth


You had 5 spell levels left.
You didn't know any spells.
Your spell library was empty.

Dungeon Overview and Level Annotations

Branches:
Dungeon (5/15)             Temple (1/1) D:4

Altars:
Cheibriados
Elyvilon
Gozag
Hepliaklqana
Nemelex Xobeh
Qazlal
Trog
Xom
Yredelemnul
The Shining One

Shops:
D:4 ?*[


Innate Abilities, Weirdness & Mutations

You are very small and have problems with some larger weapons.
You are too small for most types of armour.
You have supernaturally acute eyesight. (SInv)
You are a herbivore.
You cover ground extremely quickly.
You need to consume almost no food.


Message History

Firing (i - inventory. (/) - cycle)
e - 29 poisoned needles (quivered)
Press: ? - help, Shift-Dir - straight line, f/p - centaur
Aim: a centaur (heavily wounded, slow, poisoned, chance to paralyse on hit: You shoot a needle of paralysis.
The needle of paralysis hits the centaur.
The centaur resists.
The centaur is heavily wounded.
a - a +2 dagger (weapon)
The centaur closely misses you.
You hit the centaur.
The centaur is severely wounded.
The jackal barely misses you. The centaur hits you!
* * * LOW HITPOINT WARNING * * *
The jackal bites you.
* * * LOW HITPOINT WARNING * * *
You barely miss the centaur.
The centaur is severely wounded.
A jackal comes into view.
The jackal bites you.
You die...

..≈≈.......)..#
⌠...c..cc.((..#
≈≈.......#.(#.#
..≈.....(##..<###
..≈......##..(..###
≈≈(......##.##....# .
.....h.####.##.##......
..........hc.).........
≈≈≈###..###@##.#####...
≈≈# .. #<...# .. !
###.)# . #..# #.[..
#..!.. ....# ...#


You could see a centaur and 2 jackals.

Vanquished Creatures
  An ogre (D:5)
  A scorpion (D:4)
  2 iguanas (D:4)
  An orc wizard (D:4)
  A worker ant (D:5)
  5 adders
  2 worms
  2 dart slugs
  4 orcs
  A ball python (D:4)
  4 bats
  7 giant cockroaches
  6 hobgoblins
  6 jackals (D:1)
  7 kobolds
  2 quokkas (D:2)
  4 frilled lizards
  14 goblins
  6 rats
76 creatures vanquished.

Notes
Turn   | Place    | Note
-------+----------+-------------------------------------------
     0 | D:1      | HereIgoKillingAgain the Spriggan Assassin began the quest
                  | for the Orb.
     0 | D:1      | Reached XP level 1. HP: 10/10 MP: 2/2
    52 | D:1      | Reached skill level 6 in Stealth
   482 | D:1      | Reached XP level 2. HP: 14/14 MP: 3/3
   711 | D:1      | Reached skill level 7 in Stealth
  1172 | D:1      | Reached XP level 3. HP: 18/18 MP: 4/4
  1693 | D:2      | Reached skill level 8 in Stealth
  1699 | D:2      | Found a snail-covered altar of Cheibriados.
  1870 | D:2      | Reached XP level 4. HP: 14/22 MP: 5/5
  2505 | D:2      | Reached skill level 9 in Stealth
  3346 | D:4      | Reached XP level 5. HP: 25/25 MP: 6/6
  3441 | D:4      | Reached skill level 10 in Stealth
  3816 | D:4      | Found Evihaci's Magic Scroll Shop.
  3838 | D:4      | Found Useewk's General Store.
  3911 | D:4      | Found a staircase to the Ecumenical Temple.
  4140 | D:4      | Found Anisuq Diff's Armour Shop.
  4316 | D:4      | Got a warped shortbow
  4371 | D:5      | Entered Level 5 of the Dungeon
  4399 | Temple   | Entered the Ecumenical Temple
  4562 | D:4      | Identified the +0 shortbow of Insufficient Pleasure
                  | {velocity, MR+ SInv} (You found it on level 4 of the
                  | Dungeon)
  4624 | D:5      | Noticed an ogre
  4638 | D:5      | Killed an ogre
  4638 | D:5      | Reached skill level 11 in Stealth
  4638 | D:5      | Reached XP level 6. HP: 30/30 MP: 7/7
  4887 | D:5      | HP: 1/30 [centaur (6)]
  4898 | D:5      | HP: 1/30 [jackal (3)]
  4899 | D:5      | Slain by a jackal

Vault maps used:
D:1:      dpeg_arrival_solitude, minmay_worlds_worst_comb
D:2:      overflow_temple_1_default, dk_noncrumbling_2, minmay_pentomino_w2
D:3:      first_ration
D:4:      minmay_temple_entry_statues_fountains, serial_shops, shop,
          nicolae_shop_stone, kennysheep_mini
D:5:      cheibrodos_helix_gallery, gammafunk_ghost_hive, serial_shops, shop,
          nicolae_shop_window_shopping, shop_coins, shop, shop,
          uniq_blork_the_orc, uniq_menkaure, uniq_sigmund, uniq_edmund
Temple:   jpeg_temple_island

Skill      XL: |  1  2  3  4  5  6 |
---------------+-------------------+-----
Stealth        | 6 7 8 9 11 | 11.1
Throwing       | 3 |  3.0
Fighting       | |  1.5
Short Blades   | |  2.1
Dodging        | |  1.7

Action                   |  1- 3 |  4- 6 || total
-------------------------+-------+-------++-------
Melee: Dagger            |   131 |    94 ||   225
 Fire: Blowgun           |     7 |    24 ||    31
  Use: Scroll            |       |    10 ||    10
       Potion            |       |     2 ||     2
 Stab: Sleeping          |    16 |    15 ||    31
       Distracted        |     1 |       ||     1
       Paralysed         |       |     2 ||     2
Armor: Robe              |    19 |     9 ||    28
Dodge: Dodged            |    87 |    58 ||   145

Table legend:
 A = Non-vault XP
 B = Vault XP
 C = Vault XP percentage of total XP
 D = Non-vault monster count
 E = Vault monster count
 F = Vault count percentage of total count
                 A         B        C        D         E       F
            +---------+---------+-------+---------+---------+-------
      Total |     516 |       8 |   1.5 |      72 |       4 |   5.3
            +---------+---------+-------+---------+---------+-------
        D:1 |      55 |       4 |   6.8 |      30 |       2 |   6.2
        D:2 |      87 |       4 |   4.4 |      23 |       2 |   8.0
        D:3 |      16 |       0 |   0.0 |       8 |       0 |   0.0
        D:4 |     192 |       0 |   0.0 |       8 |       0 |   0.0
        D:5 |     166 |       0 |   0.0 |       3 |       0 |   0.0
            +---------+---------+-------+---------+---------+-------
